 Dungeon Crawl Stone Soup version 0.19.0-1-g5985abe (webtiles) character file.

16121 lorenzova the Eclecticist (level 12, -1/59 HPs)
             Began as a Deep Elf Conjurer on Nov 2, 2016.
             Was an Elder of Vehumet.
             Killed from afar by Harold (12 damage)
             ... with a bolt of fire
             ... on level 12 of the Dungeon.
             The game lasted 00:33:50 (14105 turns).

lorenzova the Eclecticist (Deep Elf Conjurer)      Turns: 14105, Time: 00:33:51

Health: -1/59      AC: 12    Str:  5    XL:     12   Next: 7%
Magic:  0/42       EV: 10    Int: 26    God:    Vehumet [****..]
Gold:   485        SH:  7    Dex: 17    Spells: 3 memorised, 31 levels left

rFire  . . .     SeeInvis .     Q - +0 dagger (elec)
rCold  . . .     Gourm    .     I - +4 ring mail {MR+}
rNeg   . . .     Faith    .     S - +2 buckler
rPois  +         Spirit   +     W - +0 hat {MR+}
rElec  .         Reflect  .     d - +1 cloak {rPois}
rCorr  .         Harm     .     (no gloves)
MR     ++++.                    L - +0 pair of boots
Stlth  ++........               x - amulet of guardian spirit
                                (no ring)
                                w - ring of magical power

@: lethally poisoned (-1 -> -7)
A: agile 1, blink, magic resistance 1
a: Blink, Renounce Religion


You were on level 12 of the Dungeon.
You worshipped Vehumet.
Vehumet was greatly pleased with you.
You were not hungry.

You visited 1 branch of the dungeon, and saw 12 of its levels.

You collected 642 gold pieces.
You spent 157 gold pieces at shops.

Inventory:

Hand Weapons
 k - a +4 quarterstaff of chaos
 Q - a +0 dagger of electrocution (weapon)
Armour
 d - a +1 cloak of poison resistance (worn)
 s - a +0 buckler
 u - a +3 leather armour of poison resistance
 H - a +0 helmet
 I - a +4 ring mail of magic resistance (worn)
 L - a +0 pair of boots (worn)
 O - the +1 ring mail of Activism {SInv}
   (You found it on level 9 of the Dungeon)

   It lets you see invisible.
 S - a +2 buckler (worn)
 W - a +0 hat of magic resistance (worn)
Jewellery
 j - an uncursed amulet of the gourmand
 w - a ring of magical power (left hand)
 x - an amulet of guardian spirit (around neck)
Wands
 a - a wand of slowing (23/48)
 h - a wand of polymorph (16/24)
 l - a wand of polymorph (11/24)
 n - a wand of acid (8/15)
 E - a wand of acid (2/15)
 P - a wand of disintegration (16/24)
 R - a wand of lightning (7/15)
 T - a wand of digging (12/24)
 U - a wand of confusion (17/48)
Scrolls
 g - a scroll of torment {unknown}
 q - a scroll of enchant weapon {unknown}
 t - 4 scrolls of blinking {unknown}
 y - a scroll of enchant armour {unknown}
 A - 2 scrolls of magic mapping {unknown}
 B - a scroll of teleportation {unknown}
 C - 2 scrolls of remove curse
 F - a scroll of amnesia
 M - 2 scrolls of immolation {unknown}
Potions
 e - 2 potions of mutation
 m - 4 potions of curing {unknown}
 o - 7 potions of heal wounds
 r - a potion of might {unknown}
 z - 4 potions of degeneration {unknown}
 D - 3 potions of agility {unknown}
 G - 2 potions of flight {unknown}
 K - 2 potions of magic
 N - 2 potions of berserk rage {unknown}
 V - 2 potions of brilliance
Books
 b - a book of Conjurations

   Spells                             Type                      Level
   a - Magic Dart                     Conjuration                  1
   b - Searing Ray                    Conjuration                  2
   c - Dazzling Spray                 Conjuration/Hexes            3
   d - Fulminant Prism                Conjuration/Hexes            4
   e - Iskenderun's Mystic Blast      Conjuration                  4
   f - Iskenderun's Battlesphere      Conjuration/Charms           5
 v - a book of Necromancy

   Spells                             Type                      Level
   a - Pain                           Necromancy                   1
   b - Animate Skeleton               Necromancy                   1
   c - Vampiric Draining              Necromancy                   3
   d - Regeneration                   Charms/Necromancy            3
   e - Animate Dead                   Necromancy                   4
   f - Control Undead                 Necromancy                   4
Comestibles
 c - 7 bread rations
 f - 5 fruits
 i - 4 slices of pizza
 p - 8 beef jerkies
 J - 2 meat rations


   Skills:
 * Level 1.2 Armour
 - Level 2.4 Dodging
 - Level 2.4 Stealth
 - Level 4.0 Shields
 + Level 15.2 Spellcasting
 + Level 13.2 Conjurations
 - Level 12.3 Charms


You had 31 spell levels left.
You knew the following spells:

 Your Spells              Type           Power        Failure   Level  Hunger
a - Magic Dart            Conj           ####         1%          1    None
b - Iskenderun's Battles  Conj/Chrm      ######..     1%          5    #......
c - Iskenderun's Mystic   Conj           ######..     1%          4    None


Dungeon Overview and Level Annotations

Branches:
Dungeon (12/15)            Temple (0/1) D:5            Lair (0/6) D:8
    Orc: D:9-12

Altars:
Ashenzari
Elyvilon
Fedhas
Gozag
Makhleb
Okawaru
Ru
Vehumet
Xom
The Shining One

Shops:
D:8 :*   D:10 =

Annotations:
D:8 Maurice
D:12 Harold


Innate Abilities, Weirdness & Mutations

You are agile. (Dex +2)
You can translocate small distances at will.
You are resistant to hostile enchantments. (MR+)


Message History

You become entangled in the net!
You see here a throwing net.
You struggle against the net.
You feel sick.
The worker ant bites you but does no damage.
The ice beast hits you. The ice beast freezes you!
You struggle against the net.
You feel sick. The worker ant bites you.
* * * LOW HITPOINT WARNING * * *
The ice beast hits you but does no damage.
You struggle against the net.
You feel sick.
The worker ant bites you but does no damage.
The ice beast hits you but does no damage.
The worker ant bites you. Harold hits you but does no damage.
You shred the net and break free!
You feel sick. The worker ant misses you. The ice beast misses you.
Harold hits you but does no damage.
You feel sick.
Okay, then.
You blink.
You feel slightly more hungry.
You feel sick.
Harold points at you and mumbles some strange words.
The bolt of fire hits you!
You die...

.............#.......<..#....
.)...........................
.............................
.......<.............[.......
.............................
>.....$..Y@......)...........
..........§.......÷..........
..........a..................
............@..#....<.##.....
................#....## #...
.#..............#..... ##
..................$.#.
............#.#.###...
.............#...# #...
............##.## ...
...........## ## .#.


You could see Harold, an ice beast and a worker ant.

Vanquished Creatures
  Gastronok (D:11)
  Erica (D:8)
  A death knight (D:9)
  Urug (D:11)
  Nergalle (D:12)
  The ghost of slayr the Zephyrmancer, a novice TeAE of Vehumet (D:8)
  3 skeletal warriors (D:11)
  Pikel (D:7)
  2 ugly things (D:11)
  A cyclops (D:11)
  A manticore (D:11)
  Joseph (D:8)
  A freezing wraith (D:9)
  4 trolls
  Grinder (D:5)
  2 hippogriffs
  A wyvern (D:11)
  2 wraiths (D:9)
  4 yaks (D:11)
  A water moccasin (D:11)
  Duvessa (D:5)
  4 ice beasts
  A slave (D:7)
  6 orc warriors
  3 sky beasts
  A black bear (D:8)
  2 phantoms
  4 ogres
  A centaur (D:11)
  5 bullfrogs
  2 big kobolds
  Dowan (D:5)
  2 wyvern skeletons
  A scorpion (D:11)
  6 killer bees (D:11)
  3 wights (D:8)
  3 howler monkeys
  A crimson imp (D:6)
  2 centaur zombies
  2 quasits
  4 hounds
  11 orc wizards
  Crazy Yiuf (D:2)
  6 orc priests
  3 bullfrog skeletons
  9 worker ants
  6 iguanas
  A killer bee zombie (D:8)
  2 hound zombies
  2 hound skeletons
  A worker ant zombie (D:11)
  14 gnolls
  21 adders
  3 shadow imps
  2 oozes
  2 worms
  2 dart slugs
  7 leopard geckos
  26 orcs
  6 bats
  6 giant cockroaches
  7 goblins
  9 hobgoblins
  5 jackals
  2 quokkas
  5 ball pythons
  4 frilled lizards
  A giant cockroach zombie (D:6)
  A jackal skeleton (D:6)
  2 jackal zombies (D:4)
  12 kobolds
  A leopard gecko skeleton (D:6)
  5 rats (D:1)
271 creatures vanquished.

Notes
Turn   | Place    | Note
-------+----------+-------------------------------------------
     0 | D:1      | lorenzova the Deep Elf Conjurer began the quest for the Orb.
     0 | D:1      | Reached XP level 1. HP: 10/10 MP: 6/6
   243 | D:1      | Reached XP level 2. HP: 15/15 MP: 4/8
   848 | D:1      | Reached skill level 4 in Spellcasting
  1072 | D:2      | Reached XP level 3. HP: 18/19 MP: 4/10
  1306 | D:2      | Reached skill level 5 in Conjurations
  1427 | D:2      | Found an opulent altar of Gozag.
  2030 | D:2      | Found a runed door.
  2056 | D:2      | Reached skill level 5 in Spellcasting
  2056 | D:2      | Reached XP level 4. HP: 24/24 MP: 9/13
  2062 | D:2      | Learned a level 4 spell: Iskenderun's Mystic Blast
  2328 | D:2      | You fall through a shaft for 2 floors!
  2328 | D:4      | Found a radiant altar of Vehumet.
  2463 | D:4      | Became a worshipper of Vehumet
  2568 | D:4      | Noticed an orc warrior
  2642 | D:4      | Reached XP level 5. HP: 28/28 MP: 12/15
  2679 | D:4      | HP: 1/28 [gnoll/whip (3)]
  2910 | D:4      | Noticed an ogre
  2910 | D:4      | Gained mutation: You can translocate small distances at will. [potion of mutation]
  2910 | D:4      | Gained mutation: You are resistant to hostile enchantments. (MR+) [potion of mutation]
  2910 | D:4      | Gained mutation: You are agile. (Dex +2) [potion of mutation]
  2918 | D:4      | Killed an orc warrior
  2918 | D:4      | Reached skill level 6 in Spellcasting
  3052 | D:3      | Reached XP level 6. HP: 6/32 MP: 0/17
  3363 | D:3      | Learned a level 5 spell: Iskenderun's Battlesphere
  3525 | D:2      | Noticed Crazy Yiuf
  3527 | D:2      | Killed Crazy Yiuf
  3527 | D:2      | Reached skill level 1 in Charms
  3847 | D:3      | Reached * piety under Vehumet
  3847 | D:3      | Offered knowledge of Sandblast by Vehumet.
  4181 | D:4      | Reached skill level 7 in Spellcasting
  4631 | D:4      | Reached XP level 7. HP: 36/36 MP: 3/19
  5272 | D:5      | Entered Level 5 of the Dungeon
  5275 | D:5      | Found a staircase to the Ecumenical Temple.
  5340 | D:5      | Noticed Grinder
  5354 | D:5      | Killed Grinder
  5354 | D:5      | Reached skill level 8 in Spellcasting
  5354 | D:5      | Reached skill level 5 in Charms
  5486 | D:5      | Offered knowledge of Freeze by Vehumet.
  5559 | D:5      | Reached ** piety under Vehumet
  5559 | D:5      | Reached XP level 8. HP: 41/41 MP: 15/22
  5872 | D:5      | Reached skill level 9 in Spellcasting
  5997 | D:5      | Found a white marble altar of Elyvilon.
  6202 | D:5      | Noticed Duvessa
  6202 | D:5      | Noticed Dowan
  6204 | D:5      | Killed Duvessa
  6206 | D:5      | Killed Dowan
  7303 | D:6      | Found an iron altar of Okawaru.
  7508 | D:7      | Found a shattered altar of Ashenzari.
  7527 | D:7      | Offered knowledge of Throw Flame by Vehumet.
  7527 | D:7      | Reached skill level 10 in Spellcasting
  7528 | D:7      | Reached XP level 9. HP: 45/45 MP: 25/25
  7792 | D:7      | Noticed Pikel
  7797 | D:7      | Killed Pikel
  8091 | D:7      | Reached *** piety under Vehumet
  8236 | D:8      | Found Nadd's General Store.
  8245 | D:8      | Bought a scroll of identify for 30 gold pieces
  8245 | D:8      | Bought a scroll of amnesia for 52 gold pieces
  8245 | D:8      | Bought a potion of heal wounds for 75 gold pieces
  8245 | D:8      | Found Nealyh's Book Boutique.
  8418 | D:8      | Reached skill level 11 in Spellcasting
  8419 | D:8      | Noticed Erica
  8431 | D:8      | Killed Erica
  8431 | D:8      | Reached skill level 10 in Conjurations
  8508 | D:8      | Found a shimmering altar of Xom.
  8508 | D:8      | Found a shimmering altar of Xom.
  8508 | D:8      | Found a shimmering altar of Xom.
  8508 | D:8      | Found a shimmering altar of Xom.
  8510 | D:8      | Found a shimmering altar of Xom.
  8510 | D:8      | Found a shimmering altar of Xom.
  8511 | D:8      | Found a shimmering altar of Xom.
  8511 | D:8      | Found a shimmering altar of Xom.
  8529 | D:8      | Offered knowledge of Conjure Flame by Vehumet.
  8631 | D:8      | Reached skill level 10 in Charms
  8631 | D:8      | Reached XP level 10. HP: 50/50 MP: 27/27
  8753 | D:8      | Reached skill level 12 in Spellcasting
  8900 | D:8      | Noticed Joseph
  8913 | D:8      | Killed Joseph
  8988 | D:8      | Found a sacrificial altar of Ru.
  9005 | D:8      | Noticed slayr's ghost (novice TeAE)
  9010 | D:8      | Killed slayr's ghost
  9289 | D:8      | Reached **** piety under Vehumet
  9301 | D:8      | Found a staircase to the Lair.
  9444 | D:8      | Found a glowing golden altar of the Shining One.
  9507 | D:8      | Noticed Maurice
  9613 | D:9      | Reached skill level 13 in Spellcasting
  9628 | D:9      | Noticed a death knight
  9964 | D:9      | Found a blossoming altar of Fedhas.
  9964 | D:9      | Found a burning altar of Makhleb.
 10049 | D:9      | Offered knowledge of Force Lance by Vehumet.
 10182 | D:9      | Killed a death knight
 10448 | D:9      | Got a fine ring mail
 10584 | D:10     | Entered Level 10 of the Dungeon
 10723 | D:10     | Reached XP level 11. HP: 54/54 MP: 30/30
 11009 | D:10     | Found Kowoe's Jewellery Shop.
 12203 | D:11     | Noticed Urug
 12251 | D:11     | Noticed a purple ugly thing
 12258 | D:11     | Killed a purple ugly thing
 12258 | D:11     | Reached skill level 1 in Shields
 12258 | D:11     | Reached skill level 14 in Spellcasting
 12343 | D:11     | Noticed Gastronok
 13097 | D:11     | Killed Urug
 13266 | D:11     | Noticed a green ugly thing
 13271 | D:11     | Killed a green ugly thing
 13294 | D:11     | Killed Gastronok
 13599 | D:11     | Noticed a skeletal warrior
 13600 | D:11     | Noticed a skeletal warrior
 13613 | D:11     | Killed a skeletal warrior
 13613 | D:11     | Reached skill level 15 in Spellcasting
 13661 | D:11     | Noticed a skeletal warrior
 13777 | D:11     | Killed a skeletal warrior
 13782 | D:11     | Killed a skeletal warrior
 13782 | D:11     | Reached XP level 12. HP: 59/59 MP: 13/33
 13967 | D:11     | Identified the +1 ring mail of Activism {SInv} (You found it on level 9 of the Dungeon)
 14007 | D:12     | Noticed Nergalle
 14011 | D:12     | Killed Nergalle
 14011 | D:12     | Reached skill level 1 in Armour
 14076 | D:12     | Noticed Harold
 14105 | D:12     | Killed from afar by Harold

Skill      XL: |  1  2  3  4  5  6  7  8  9 10 11 12 |
---------------+-------------------------------------+-----
Spellcasting   | 4 5 6 7 8 10 11 13 15 | 15.2
Conjurations   | 5 6 7 8 10 11 13 | 13.2
Charms         | 3 5 8 10 11 12 | 12.3
Shields        | 4 |  4.0
Armour         | 1 |  1.2
Dodging        | |  2.4
Stealth        | |  2.4

Action                   |  1- 3 |  4- 6 |  7- 9 | 10-12 || total
-------------------------+-------+-------+-------+-------++-------
Melee: Dagger            |       |     1 |       |       ||     1
       Quarterstaff      |       |       |     8 |       ||     8
 Cast: Magic Dart        |    82 |   147 |   163 |   155 ||   547
       Iskenderun's Myst |       |    10 |    20 |    74 ||   104
       Iskenderun's Batt |       |       |    27 |    57 ||    84
 Abil: Blink             |       |       |       |     1 ||     1
  Use: Scroll            |     1 |     5 |     2 |       ||     8
       Potion            |       |     3 |       |     1 ||     4
 Stab: Sleeping          |       |     1 |       |       ||     1
  Eat: Chunk             |     3 |    13 |    17 |    15 ||    48
       Meat ration       |       |     1 |       |       ||     1
Armor: Robe              |     1 |     2 |     2 |       ||     5
       Leather armour    |       |       |     2 |     9 ||    11
       Ring mail         |       |       |       |    13 ||    13
Dodge: Dodged            |     7 |    38 |    12 |    34 ||    91
Block: Buckler           |       |       |       |     7 ||     7
